cohdb
Replays
Latest Replays
All Replays
Popular Replays
Top Player Replays
Match Explorer
How It Works
Community
CoH3 Stats
Reddit
Sign in to upload your games and track your stats! →
Sign in with Steam
Match 40415975
Unlisted
Match 40415975
Overview
Messages
Build Orders
End
Kradschützen Motorcycle Team
Selects Italian Combined Arms Battlegroup
Selects Bersaglieri Squad
Bersaglieri Squad
250 Light Carrier
Bersaglieri Squad
Construct Light Support Kompanie
Selects Bersaglieri Bolster
Bersaglieri Squad
Construct Mechanized Kompanie
Panzerjäger Squad
Selects Breda Model 30 Light Machine Guns
Support Armor Elements
deadsadbadmad
severedhand
0
0
Comments
sign in to comment!
No comments posted yet!